 Dungeon Crawl Stone Soup version 0.30.0 (webtiles) character file.

Game seed: 1901235525259751271

325 Caliliti the Magician (level 6, -6/32 HPs)
             Began as a Deep Elf Fire Elementalist on Nov 8, 2023.
             Mangled by a yak (10 damage)
             ... on level 3 of the Dungeon.
             The game lasted 00:18:58 (3427 turns).

Caliliti the Magician (Deep Elf Fire Elementalist)  Turns: 3427, Time: 00:18:59

Health: -6/32      AC:  4    Str:  5    XL:     6   Next: 24%
Magic:  11/16      EV: 12    Int: 22    God:
Gold:   93         SH:  0    Dex: 15    Spells: 13/16 levels left

rFire   . . .        (no weapon)
rCold   . . .        (no shield)
rNeg    . . .        a - +0 robe
rPois   +            h - +0 helmet
rElec   .            c - +0 cloak
rCorr   .            (no gloves)
SInv    .            (no boots)
Will    .....        (no amulet)
Stlth   ++           g - ring of poison resistance
HPRegen 0.25/turn    (no ring)
MPRegen 0.15/turn

%: no passive effects
@: no status effects
A: no striking features
a: no special abilities


You were on level 3 of the Dungeon.
You visited 1 branch of the dungeon, and saw 4 of its levels.
You also visited: Sewer.

You collected 93 gold pieces.

Inventory:

Hand Weapons
 e - a +0 short sword
 i - a +0 sling
Missiles
 q - a throwing net
 r - 6 atropa-tipped darts
 s - 5 poisoned darts
 t - 2 datura-tipped darts
Armour
 a - a +0 robe (worn)
 c - a +0 cloak (worn)
 h - a +0 helmet (worn)
 n - a +1 ring mail of willpower
Jewellery
 g - a ring of poison resistance (left hand)
Wands
 u - a wand of charming (7)
Scrolls
 f - 3 scrolls of teleportation {unknown}
 j - a scroll of enchant weapon {unknown}
 k - a scroll of immolation
 p - a scroll of amnesia
Potions
 b - 2 potions of magic
 d - a potion of flight
 l - a potion of curing {unknown}
 m - a potion of haste {unknown}
 o - a potion of brilliance {unknown}


   Skills:
 - Level 2.4 Dodging
 - Level 2.4 Stealth
 + Level 5.6 Spellcasting
 - Level 4.0 Conjurations
 + Level 5.2 Fire Magic


You had 13 spell levels left.
You knew the following spells:

 Your Spells              Type           Power      Damage    Failure   Level
a - Foxfire               Conj/Fire      100%       2x1d9     1%          1
b - Scorch                Fire           58%        2d7       1%          2

Your spell library contained the following spells:

 Spells                   Type           Power      Damage    Failure   Level
 Inner Flame              Hex/Fire       17%        N/A       10%         3
 Volatile Blastmotes      Fire/Tloc      34%        2d12      10%         3
 Sublimation of Blood     Necr           6%         N/A       14%         2
 Wereblood                Tmut           6%         N/A       14%         2
 Flame Wave               Conj/Fire      26%        2d8       14%         4
 Summon Hydra             Summ           3%         N/A       100%        7


Dungeon Overview and Level Annotations

Branches:
Dungeon (4/15)             Temple (0/1) D:4           Sewer (visited)

Altars:
Uskayaw

Shops:
D:1 [


Message History

Casting: Scorch (safe; 2% risk of failure)
Confirm with . or Enter, or press ? or * to list all spells.
Flames lash the yak.
The yak is burned terribly!
You kill the yak!
Your Spellcasting skill increases to level 5!
Your Fire Magic skill increases to level 5!
You have reached level 6!
You start resting.
Your magical contamination has completely faded away.
You start resting.
Magic restored.
There is a stone staircase leading down, spattered with blood here.
You climb downwards.
You hear the hiss of flowing sand.
There is an entrance to an ossuary on this level.
Hurry and find it before the portal is buried!
You hear the hiss of a very distant avalanche of sand.
The yak misses you.
There is a stone staircase leading up here.
The yak barely misses you.
You climb upwards.
There is a stone staircase leading down, spattered with blood here.
Casting: Scorch (safe; 1% risk of failure)
Confirm with . or Enter, or press ? or * to list all spells.
Flames lash the yak.
The yak is lightly wounded.
The yak's fire resistance burns away.
The yak gores you!
Casting: Scorch (safe; 1% risk of failure)
Confirm with . or Enter, or press ? or * to list all spells.
You conjure some foxfire!
The yak gores you!
* * * LOW HITPOINT WARNING * * *
Casting: Foxfire (safe; 1% risk of failure)
Confirm with . or Enter, or press ? or * to list all spells.
Flames lash the yak.
The yak is burned terribly!
The yak is heavily wounded.
The foxfire hits the yak but does no damage.
The yak is heavily wounded.
The foxfire hits the yak.
The yak is heavily wounded.
The yak gores you!
You die...

#.##.# ##....## #####.###
#.##.#####.### #..# #.##.......#
##.# #.########.# #.# # ##.##
##+## #.# # ####...## ##...## #.#
# #.....#.# ##.....## ###.# #
#.##.#.####§§.....## ##.#.#
#####.#...####.§@......####....##
...(.........'...Y.....'.........
#####.#...####.........####....##
# #.......# ##.......## #..#.# #
#..####.# ##.....## #.#..# # #..#
#.# ##...## #.#.### #..####.#
##'## #...... #.....#.# #.#
###.### #.###.#.# #.# #>#


You could see a yak (combustible).

Vanquished Creatures
  A yak (D:3)
  Pargi (Sewer)
  2 adders
  A worm (D:3)
  A dart slug (D:2)
  6 endoplasms
  5 giant cockroaches
  5 goblins
  7 hobgoblins
  2 quokkas
  A ball python (D:1)
  6 bats
  A frilled lizard (Sewer)
  6 kobolds
  7 rats
52 creatures vanquished.

Vanquished Creatures (others)
  152 foxfires
152 creatures vanquished.

Grand Total: 204 creatures vanquished

Notes
Turn   | Place    | Note
-------+----------+-------------------------------------------
     0 | D:1      | Caliliti the Deep Elf Fire Elementalist began the quest for
                  | the Orb.
     0 | D:1      | Reached XP level 1. HP: 10/10 MP: 6/6
   368 | D:1      | Found Meocini's Antique Armour Shop.
   526 | D:1      | Reached XP level 2. HP: 15/15 MP: 5/8
  1976 | D:3      | Learned a level 2 spell: Scorch
  2046 | D:3      | Reached XP level 3. HP: 19/19 MP: 7/10
  2318 | D:3      | Found a hide-covered altar of Uskayaw.
  2460 | D:3      | Found a glowing drain.
  2478 | Sewer    | Entered a sewer
  2494 | Sewer    | Noticed Pargi
  2501 | Sewer    | Killed Pargi
  2502 | Sewer    | Reached XP level 4. HP: 6/24 MP: 1/12
  2502 | Sewer    | Reached XP level 5. HP: 7/28 MP: 1/13
  3290 | D:4      | Found a staircase to the Ecumenical Temple.
  3290 | D:4      | Noticed a yak
  3290 | D:4      | Noticed a yak
  3290 | D:4      | Noticed a yak
  3290 | D:4      | Noticed a yak
  3290 | D:4      | Noticed a yak
  3325 | D:3      | Killed a yak
  3326 | D:3      | Reached skill level 5 in Spellcasting
  3326 | D:3      | Reached skill level 5 in Fire Magic
  3326 | D:3      | Reached XP level 6. HP: 5/32 MP: 1/16
  3427 | D:3      | Mangled by a yak

Illustrated notes

Levels and vault maps discovered:
D:1:      wander_arrival_abandoned_jail, layout_basic, serial_shops, shop,
          minmay_tree_intersection
D:2:      layout_basic, ebering_ecumenical_altar_hall
D:3:      layout_loops_corners, eat_drink_and_be_merry_uskayaw,
          portal_sewer_entry_e
D:4:      layout_layer_cave, gammafunk_temple_overflow_wave,
          lemuel_zombie_altar_kikubaaqudgha, temple_green, enter_ossuary_2,
          guppyfry_shop_venom, uniq_crazy_yiuf_cottage

Skill      XL: |  1  2  3  4  5 |
---------------+----------------+-----
Conjurations   | 2 3 4 |  4.0
Spellcasting   | 4 5 |  5.6
Fire Magic     | 4 5 |  5.2
Dodging        | |  2.4
Stealth        | |  2.4

Action                     |  1- 3 |  4- 6 || total
---------------------------+-------+-------++-------
   Cast: Foxfire           |    66 |    24 ||    90
         Scorch            |     2 |     5 ||     7
    Use: Scroll            |     5 |       ||     5
 Armour: Robe              |    10 |     2 ||    12
  Dodge: Dodged            |    24 |     6 ||    30
